[Event "Uhlenkoeper-Open 2024"]
[Site "Uelzen"]
[Date "2024.12.27"]
[Round "1.1"]
[White "Stelmaszyk, Nico"]
[Black "Juergenpott, Maximilian"]
[Result "1-0"]
[ECO "B15"]
[WhiteElo "2403"]
[BlackElo "1788"]
[Annotator "TA"]
[PlyCount "73"]
[EventDate "2024.12.27"]
[EventType "swiss"]
[EventCountry "GER"]
[SourceTitle "playchess.com"]
[Source "ChessBase"]
[SourceQuality "1"]
[TimeControl "40/5400+30:1800+30"]

1. e4 c6 2. Nf3 d5 3. Nc3 Bg4 4. d4 dxe4 5. Nxe4 Nf6 6. Nxf6+ exf6 7. Be3 Bd6 8. Bd3 O-O 9. h3 {[%emt 0:00:32][%cal Bh2h3,Bh3h4,Bh4h5][%mdl 32] White has an edge.} Be6 10. c3 Nd7 11. Qc2 g6 12. h4 Re8 (12... h5 $1 $11 {is more appropriate.}) 13. h5 $14 {[%emt 0:02:00][%cal Rh5g6] [#] hxg6 is the strong threat.} Nf8 14. O-O-O Qc7 15. Kb1 Bf4 (15... b5 $11 {keeps the balance.}) 16. Rh4 $16 {[%emt 0:05:56] Black is now going downhill.} Bxe3 17. fxe3 g5 18. Rhh1 Bg4 19. Qf2 Qe7 20. e4 {[%emt 0:03:30] White is more active.} f5 21. exf5 {[%emt 0:02:51] [#] And now Rde1 would win.} Qe3 22. Qg3 Bxf3 (22... Qf4 {is a better defense.} 23. Qxf4 gxf4) 23. gxf3 $18 h6 24. Rhe1 Qf4 25. Qxf4 gxf4 26. Rg1+ Kh8 27. Bc4 Nh7 28. Bxf7 Re3 29. Rg6 Ng5 $2 (29... Rxf3 30. Rdg1 (30. Rxh6 Kg7 $11) 30... Rg3 31. R1xg3 fxg3) 30. Bb3 Kh7 31. f6 {[%emt 0:01:07] Hoping for d5.} Rf8 32. Bc2 Nxf3 33. Kc1 Ne1 34. Bb1 Nf3 35. Rf1 Kh8 36. a3 Nh4 37. Rxh6+ {[%emt 0:00:16] Weighted Error Value: White=0.28 (precise) /Black=0.49.  Mistake:       	---       	Black=5      Inaccurate:     	White=1     	Black=3      OK:         	White=10    	Black=5      Best:        	White=1     	Black=1} 1-0

[Event "Uhlenkoeper-Open 2024"]
[Site "Uelzen"]
[Date "2024.12.27"]
[Round "1.2"]
[White "Henschen, Patrick"]
[Black "Glek, Igor"]
[Result "0-1"]
[ECO "A84"]
[WhiteElo "1825"]
[BlackElo "2431"]
[Annotator "TA"]
[PlyCount "56"]
[EventDate "2024.12.27"]
[EventType "swiss"]
[EventCountry "GER"]
[SourceTitle "playchess.com"]
[Source "ChessBase"]
[SourceQuality "1"]
[TimeControl "40/5400+30:1800+30"]

1. d4 e6 2. c4 f5 3. Nf3 Nf6 4. e3 b6 5. Be2 Bb7 6. O-O Be7 7. Nbd2 O-O 8. Ne5 Qe8 9. f4 d6 10. Nd3 c5 11. b3 Ne4 12. Bf3 Nd7 13. Bb2 Ndf6 14. Qe1 Rb8 15. Rb1 Nxd2 16. Qxd2 Ne4 17. Qe2 Bf6 18. Rfd1 Qf7 19. Rbc1 Rfd8 20. b4 (20. Rc2 $11) 20... cxb4 $15 21. Nxb4 a5 22. Nc2 Ba6 23. Na3 d5 24. Bxe4 fxe4 ({Of course not} 24... dxe4 25. Qc2 $11) 25. Qe1 ({White should try} 25. Nb5 $15) 25... Qd7 $17 {[%emt 0:02:49] Black is more active.} 26. Qc3 (26. Nb5 $17) 26... Rdc8 27. Rd2 (27. Qb3 $17) 27... dxc4 $19 28. Rdc2 Qd8 0-1

[Event "Uhlenkoeper-Open 2024"]
[Site "Uelzen"]
[Date "2024.12.27"]
[Round "1.3"]
[White "Parvanyan, Ashot"]
[Black "Kruger, Daniel"]
[Result "*"]
[ECO "E08"]
[WhiteElo "2399"]
[BlackElo "1864"]
[Annotator "RC"]
[PlyCount "38"]
[EventDate "2024.12.27"]
[EventType "swiss"]
[EventCountry "GER"]
[SourceTitle "playchess.com"]
[Source "ChessBase"]
[SourceQuality "1"]
[TimeControl "40/5400+30:1800+30"]

1. Nf3 Nf6 2. c4 e6 3. g3 d5 4. d4 Be7 5. Bg2 O-O 6. O-O c6 7. Qc2 Nbd7 8. b3 b6 9. Nc3 Ba6 10. Nd2 Rc8 11. a4 Bb7 12. Bb2 c5 13. dxc5 bxc5 14. Rfd1 Qc7 15. cxd5 exd5 16. e3 Rfd8 17. Rac1 a6 18. Nf3 Bc6 19. Nh4 Qb7 *

[Event "Uhlenkoeper-Open 2024"]
[Site "Uelzen"]
[Date "2024.12.27"]
[Round "1.5"]
[White "Stopa, Jacek"]
[Black "Petersen, Malte"]
[Result "1-0"]
[ECO "D20"]
[WhiteElo "2323"]
[BlackElo "1780"]
[Annotator "RC"]
[PlyCount "61"]
[EventDate "2024.12.27"]
[EventType "swiss"]
[EventCountry "GER"]
[SourceTitle "playchess.com"]
[Source "ChessBase"]
[SourceQuality "1"]
[TimeControl "40/5400+30:1800+30"]

1. d4 d5 2. c4 dxc4 3. e4 e5 4. Nf3 Bb4+ 5. Nc3 exd4 6. Nxd4 Nd7 7. Bxc4 Ngf6 8. O-O O-O 9. f3 Ne5 10. Be2 Bc5 11. Be3 Nc6 12. Nc2 Bxe3+ 13. Nxe3 Nd4 14. e5 Nxe2+ 15. Qxe2 Nd7 16. f4 c6 17. Rad1 Qe7 18. Nf5 Qc5+ 19. Kh1 Nb6 20. Ne4 Qc4 21. Nf6+ Kh8 22. Qg4 Bxf5 23. Qxf5 g6 24. Qh3 h5 25. Nxh5 gxh5 26. Qxh5+ Kg7 27. Qg4+ Kh8 28. Rf3 Qe4 29. Rh3+ Qh7 30. Rxh7+ Kxh7 31. Rd3 1-0

[Event "Uhlenkoeper-Open 2024"]
[Site "Uelzen"]
[Date "2024.12.27"]
[Round "1.7"]
[White "von Estorff, Jacob"]
[Black "Labitzki, Marek"]
[Result "1-0"]
[ECO "B50"]
[WhiteElo "2209"]
[BlackElo "1782"]
[Annotator "RC"]
[PlyCount "45"]
[EventDate "2024.12.27"]
[EventType "swiss"]
[EventCountry "GER"]
[SourceTitle "playchess.com"]
[Source "ChessBase"]
[SourceQuality "1"]
[TimeControl "40/5400+30:1800+30"]

1. e4 c5 2. Nf3 d6 3. c3 Nf6 4. Qc2 e5 5. d4 cxd4 6. cxd4 exd4 7. Nxd4 Be7 8. Bb5+ Bd7 9. Bxd7+ Nbxd7 10. Nc3 O-O 11. O-O Re8 12. Bf4 Bf8 13. Rad1 Nc5 14. Rfe1 Rc8 15. f3 Nh5 16. Be3 a6 17. Qf2 Ne6 18. Nf5 Rc6 19. Rd2 Qa5 20. Rd5 Qc7 21. Nh6+ gxh6 22. Rxh5 Ng7 23. Rxh6 1-0

[Event "Uhlenkoeper-Open 2024"]
[Site "Uelzen"]
[Date "2024.12.27"]
[Round "1.8"]
[White "Westerhoff, Ralf"]
[Black "Weigand, Anton"]
[Result "0-1"]
[ECO "B33"]
[WhiteElo "1702"]
[BlackElo "2092"]
[Annotator "RC"]
[PlyCount "66"]
[EventDate "2024.12.27"]
[EventType "swiss"]
[EventCountry "GER"]
[SourceTitle "playchess.com"]
[Source "ChessBase"]
[SourceQuality "1"]
[TimeControl "40/5400+30:1800+30"]

1. e4 c5 2. Nf3 Nc6 3. Nc3 Nf6 4. d4 cxd4 5. Nxd4 e5 6. Nxc6 bxc6 7. Be2 Bb4 8. Bg5 Bxc3+ 9. bxc3 Qa5 10. O-O Nxe4 11. Bh4 Nxc3 12. Qd6 Nxe2+ 13. Kh1 f6 14. Rfe1 Qd5 15. Qxd5 cxd5 16. Rxe2 Ba6 17. Re3 Bc4 18. f4 d6 19. Be1 Kd7 20. Bb4 exf4 21. Rf3 g5 22. Bc3 Rhf8 23. Rh3 Rf7 24. Rb1 Ke6 25. g4 Re8 26. Bd4 Be2 27. Ra3 Rc7 28. h3 a6 29. Rb6 Rxc2 30. Rb7 Re7 31. Rb6 Rec7 32. Ra5 Bf3+ 33. Kg1 Rg2+ 0-1

[Event "Uhlenkoeper-Open 2024"]
[Site "Uelzen"]
[Date "2024.12.27"]
[Round "1.9"]
[White "Carmesin, Leon Lucas Finn"]
[Black "Warns, Harald"]
[Result "1-0"]
[ECO "D35"]
[WhiteElo "2081"]
[BlackElo "1727"]
[Annotator "RC"]
[PlyCount "70"]
[EventDate "2024.12.27"]
[EventType "swiss"]
[EventCountry "GER"]
[SourceTitle "playchess.com"]
[Source "ChessBase"]
[SourceQuality "1"]
[TimeControl "40/5400+30:1800+30"]

1. d4 d5 2. c4 e6 3. Nc3 Nf6 4. cxd5 exd5 5. Bg5 Be7 6. e3 h6 7. Bh4 c6 8. Bd3 Be6 9. Nge2 Nh5 10. Bxe7 Qxe7 11. Qc2 Nd7 12. O-O-O O-O 13. h4 c5 14. Bf5 Nhf6 15. Nf4 cxd4 16. Rxd4 Rfc8 17. Kb1 Nb6 18. g4 Rc4 19. g5 Bxf5 20. Qxf5 Ne4 21. Ncxd5 Qe8 22. gxh6 Rxd4 23. exd4 Nxd5 24. Nxd5 Nd2+ 25. Kc2 Qe4+ 26. Kxd2 Qxd4+ 27. Ke1 Re8+ 28. Ne3 Qxb2 29. Kf1 Qc1+ 30. Kg2 Qc6+ 31. Qf3 Qxh6 32. h5 Qg5+ 33. Qg3 Qa5 34. h6 g6 35. Qf4 Qe5 1-0

[Event "Uhlenkoeper-Open 2024"]
[Site "Uelzen"]
[Date "2024.12.27"]
[Round "1.10"]
[White "Wohlrabe, Joerg"]
[Black "Bogomolow, Sergej"]
[Result "0-1"]
[ECO "C45"]
[WhiteElo "1695"]
[BlackElo "2090"]
[Annotator "RC"]
[PlyCount "58"]
[EventDate "2024.12.27"]
[EventType "swiss"]
[EventCountry "GER"]
[SourceTitle "playchess.com"]
[Source "ChessBase"]
[SourceQuality "1"]
[TimeControl "40/5400+30:1800+30"]

1. e4 e5 2. Nf3 Nc6 3. d4 exd4 4. Nxd4 Bc5 5. Be3 Qf6 6. c3 Nge7 7. Bb5 O-O 8. Nxc6 bxc6 9. Bxc5 cxb5 10. O-O d6 11. Be3 a5 12. Qd2 Qg6 13. f3 Rb8 14. Rc1 f5 15. Bg5 Re8 16. exf5 Nxf5 17. Na3 h6 18. Bf4 Bb7 19. Qf2 b4 20. Nc4 Ba6 21. Nxa5 Re2 22. Qf1 Rxb2 23. c4 Re8 24. Re1 Rxe1 25. Rxe1 Rxa2 26. Ra1 Rc2 27. g4 Nd4 28. Be3 Qf6 29. f4 Nf5 0-1

[Event "Uhlenkoeper-Open 2024"]
[Site "Uelzen"]
[Date "2024.12.27"]
[Round "2.1"]
[White "Martin, Dennis"]
[Black "Stelmaszyk, Nico"]
[Result "0-1"]
[ECO "E17"]
[WhiteElo "2005"]
[BlackElo "2403"]
[Annotator "ChessBase"]
[PlyCount "94"]
[EventDate "2024.12.27"]
[EventType "swiss"]
[EventCountry "GER"]
[SourceTitle "playchess.com"]
[Source "ChessBase"]
[SourceQuality "1"]
[TimeControl "40/5400+30:1800+30"]

1. d4 Nf6 2. c4 e6 3. Nf3 b6 4. g3 Bb7 5. Bg2 Be7 6. d5 Na6 7. Nc3 Bb4 8. Bd2 Nc5 9. Nh4 O-O 10. O-O Re8 11. Re1 Bxc3 12. Bxc3 exd5 13. cxd5 Nce4 14. Nf5 Nxc3 15. bxc3 g6 16. Ne3 Re5 17. Qd4 Qe8 18. Nc4 Rxe2 19. Rxe2 Qxe2 20. Ne3 Nh5 21. Ng4 f6 22. Nxf6+ Nxf6 23. Qxf6 Re8 24. Qd4 Qe5 25. Qc4 Qd6 26. Rd1 Qc5 27. Qd3 Re5 28. Qf3 Kg7 29. Qf4 d6 30. Qd2 a5 31. Re1 Rxe1+ 32. Qxe1 Bxd5 33. Bxd5 Qxd5 34. Qe7+ Qf7 35. Qd8 b5 36. a3 h5 37. h4 Kh7 38. Qg5 Qg7 39. Qxb5 Qxc3 40. Qd7+ Qg7 41. Qa4 Qe5 42. Qd7+ Qg7 43. Qa4 c5 44. Qxa5 c4 45. Qa4 c3 46. Qc2 d5 47. Qd3 Qc7 0-1

[Event "Uhlenkoeper-Open 2024"]
[Site "Uelzen"]
[Date "2024.12.27"]
[Round "2.2"]
[White "Glek, Igor"]
[Black "Raddatz, Michael"]
[Result "1-0"]
[ECO "B51"]
[WhiteElo "2431"]
[BlackElo "1927"]
[Annotator "TA"]
[PlyCount "35"]
[EventDate "2024.12.27"]
[EventType "swiss"]
[EventCountry "GER"]
[SourceTitle "playchess.com"]
[Source "ChessBase"]
[SourceQuality "1"]
[TimeControl "40/5400+30:1800+30"]

1. e4 c5 2. Nf3 d6 3. Bb5+ Nd7 4. d4 a6 5. Bxd7+ Bxd7 6. dxc5 dxc5 7. Nc3 g6 8. Be3 {[%emt 0:05:13] White is slightly better.} Rc8 9. Qd2 Bg7 10. O-O-O h6 11. Rhe1 b5 12. e5 {[%emt 0:00:44] White is much more active. The black rooks are passive.} h5 {[%emt 0:08:49] Black is weak on the dark squares} (12... Bc6 $16) 13. Ne4 (13. Ng5 $18) 13... Nh6 (13... Bc6 $16) 14. Bg5 $18 Be6 {[%emt 0:09:10] [#]} 15. Nd6+ $1 {[%emt 0:01:56][%mdl 512] Excellent horsemanship.} Kf8 (15... exd6 16. Bxd8) 16. Nxc8 Qxc8 17. Qd8+ Qxd8 18. Rxd8# {[%emt 0:00:48] White took control after the opening.   Weighted Error Value: White=0.05 (flawless) /Black=1.06.  Loses game:     	---       	Black=1      Mistake:       	White=1     	Black=1      Inaccurate:     	---       	Black=4      OK:         	White=5     	---        Best:        	White=2     	---        Brilliant:      	White=1     	---} 1-0

[Event "Uhlenkoeper-Open 2024"]
[Site "Uelzen"]
[Date "2024.12.27"]
[Round "2.3"]
[White "Wetterau, Nathanael"]
[Black "Parvanyan, Ashot"]
[Result "0-1"]
[ECO "B00"]
[WhiteElo "1961"]
[BlackElo "2399"]
[Annotator "ChessBase"]
[PlyCount "124"]
[EventDate "2024.12.27"]
[EventType "swiss"]
[EventCountry "GER"]
[SourceTitle "playchess.com"]
[Source "ChessBase"]
[SourceQuality "1"]
[TimeControl "40/5400+30:1800+30"]

1. e4 Nc6 2. d4 d6 3. d5 Nb8 4. c4 Nf6 5. Nc3 g6 6. h3 Bg7 7. Be2 O-O 8. f4 e6 9. Nf3 exd5 10. cxd5 Re8 11. e5 Nfd7 12. e6 fxe6 13. dxe6 Nf8 14. f5 c6 15. Bg5 Qa5 16. e7 Nfd7 17. Qxd6 Qxf5 18. g4 Qf7 19. O-O Bf6 20. Bxf6 Qxf6 21. Ne4 Qxe7 22. Bc4+ Kh8 23. Qd4+ Qg7 24. Nd6 Rf8 25. Qxg7+ Kxg7 26. Ng5 Nb6 27. Rxf8 Kxf8 28. Nxc8 Nxc4 29. Rd1 Na6 30. Rd8+ Kg7 31. Rd7+ Kf6 32. Nxh7+ Ke5 33. b3 Rxc8 34. bxc4 Nc5 35. Rf7 Rd8 36. Ng5 Rd1+ 37. Kf2 Rd2+ 38. Ke3 Rd3+ 39. Ke2 Ra3 40. Nf3+ Ke6 41. Ng5+ Kd6 42. Rf6+ Ke5 43. Rxg6 Rxa2+ 44. Ke3 Ra3+ 45. Ke2 Kf4 46. Rg7 Ra2+ 47. Kd1 Rh2 48. Kc1 a5 49. Rf7+ Ke3 50. Rf3+ Kd4 51. Nf7 Nd3+ 52. Kb1 a4 53. g5 a3 54. Rg3 a2+ 55. Ka1 Nb4 56. Rg1 Kxc4 57. g6 Kb3 58. Rg3+ Ka4 59. Rg1 Nd3 60. Rg3 Nc5 61. Ne5 Nb3+ 62. Rxb3 Kxb3 0-1

[Event "Uhlenkoeper-Open 2024"]
[Site "Uelzen"]
[Date "2024.12.27"]
[Round "2.4"]
[White "Bagrationi, Alexander"]
[Black "Fleischmann, Yannic"]
[Result "1-0"]
[ECO "C61"]
[WhiteElo "2384"]
[BlackElo "1911"]
[Annotator "TA"]
[PlyCount "49"]
[EventDate "2024.12.27"]
[EventType "swiss"]
[EventCountry "GER"]
[SourceTitle "playchess.com"]
[Source "ChessBase"]
[SourceQuality "1"]
[TimeControl "40/5400+30:1800+30"]

1. e4 e5 2. Nf3 Nc6 3. Bb5 Nd4 4. Nxd4 exd4 5. d3 c6 6. Bc4 d5 7. exd5 cxd5 8. Bb5+ Bd7 9. Bxd7+ Qxd7 10. O-O Be7 (10... Bc5 $11 {remains equal.}) 11. Nd2 (11. Re1 $16) 11... Bf6 $14 12. Nb3 Ne7 13. Bd2 O-O 14. Bb4 Rfc8 15. Bxe7 Qxe7 16. Re1 Qc7 17. g3 h6 (17... Qxc2 $2 {too greedy.} 18. Re8+ Rxe8 19. Qxc2 $18) 18. Rc1 a5 19. Qh5 a4 20. Nd2 Ra5 21. Re2 Rc5 22. Nf3 Rb5 23. b3 axb3 24. Rce1 {[%emt 0:02:49] Intending Re8+ and mate.} Kh7 $2 (24... bxc2 25. Re8+ Rxe8 26. Rxe8+ Kh7 27. Qf5+ g6 28. Qxf6 c1=Q+ 29. Kg2) (24... Qc6 $14 25. cxb3 (25. axb3 Rc5 $11) 25... Ra5) 25. Qf5+ ({And not} 25. axb3 g6 26. Qh3 Kg7 $11) 1-0

[Event "Uhlenkoeper-Open 2024"]
[Site "Uelzen"]
[Date "2024.12.27"]
[Round "2.5"]
[White "Ritter, Uwe"]
[Black "Stopa, Jacek"]
[Result "0-1"]
[ECO "A50"]
[WhiteElo "1954"]
[BlackElo "2323"]
[Annotator "ChessBase"]
[PlyCount "60"]
[EventDate "2024.12.27"]
[EventType "swiss"]
[EventCountry "GER"]
[SourceTitle "playchess.com"]
[Source "ChessBase"]
[SourceQuality "1"]
[TimeControl "40/5400+30:1800+30"]

1. Nf3 Nf6 2. d4 b6 3. g3 Bb7 4. Bg2 g6 5. O-O Bg7 6. c4 O-O 7. Nc3 Ne4 8. Nxe4 Bxe4 9. b3 e6 10. Bb2 a5 11. a3 d6 12. Qd2 Nd7 13. Ne1 Bxg2 14. Nxg2 Qe7 15. e4 Rfd8 16. f4 e5 17. dxe5 dxe5 18. Qc3 Nc5 19. Qc2 Nd3 20. f5 Qc5+ 21. Kh1 Bh6 22. Bc3 a4 23. h3 axb3 24. Qxb3 Nf2+ 25. Kh2 Nxe4 26. Bb4 Nd2 27. Bxd2 Rxd2 28. Qf3 Rf8 29. Qe4 Rd4 30. Qf3 Qxc4 0-1

[Event "Uhlenkoeper-Open 2024"]
[Site "Uelzen"]
[Date "2024.12.27"]
[Round "2.6"]
[White "Bargsten, Justus"]
[Black "Nyenhuis, Yannek"]
[Result "1/2-1/2"]
[ECO "B31"]
[WhiteElo "2228"]
[BlackElo "1943"]
[Annotator "ChessBase"]
[PlyCount "112"]
[EventDate "2024.12.27"]
[EventType "swiss"]
[EventCountry "GER"]
[SourceTitle "playchess.com"]
[Source "ChessBase"]
[SourceQuality "1"]
[TimeControl "40/5400+30:1800+30"]

1. e4 c5 2. Nf3 Nc6 3. Bb5 g6 4. c3 Bg7 5. d4 cxd4 6. cxd4 Nf6 7. Nc3 d5 8. Ne5 Bd7 9. Nxd7 Nxd7 10. e5 e6 11. Be3 Rc8 12. Qd2 Qb6 13. O-O O-O 14. f4 f6 15. Be2 Qb4 16. Bg4 Qe7 17. Nb5 a6 18. Nd6 Rc7 19. Rac1 fxe5 20. dxe5 Bxe5 21. Nxb7 Bg7 22. Na5 Rfc8 23. Nxc6 Rxc6 24. Rxc6 Rxc6 25. Rc1 Qd6 26. Rxc6 Qxc6 27. Qb4 Kf7 28. h3 Bf8 29. Qd2 Bc5 30. b4 Bb6 31. Kh2 Nf6 32. Bf3 Bc7 33. g3 Qc4 34. Bd4 Bd6 35. a3 Nd7 36. Be2 Qb3 37. Qd3 Qa2 38. Qxa6 Nf6 39. Bxf6 Kxf6 40. Qd3 e5 41. fxe5+ Bxe5 42. Kg2 Bb2 43. b5 Qxa3 44. Qxd5 Qe3 45. Bc4 Bd4 46. Qf7+ Kg5 47. h4+ Kh6 48. Kh3 Be5 49. Qf8+ Kh5 50. Kg2 Qxg3+ 51. Kf1 Qh3+ 52. Ke2 Qg4+ 53. Qf3 Kxh4 54. Qxg4+ Kxg4 55. Kf2 Kh3 56. Bd3 Bd4+ 1/2-1/2

[Event "Uhlenkoeper-Open 2024"]
[Site "Uelzen"]
[Date "2024.12.27"]
[Round "2.7"]
[White "Harms, Friedjof"]
[Black "von Estorff, Jacob"]
[Result "0-1"]
[ECO "B23"]
[WhiteElo "1884"]
[BlackElo "2209"]
[Annotator "ChessBase"]
[PlyCount "62"]
[EventDate "2024.12.27"]
[EventType "swiss"]
[EventCountry "GER"]
[SourceTitle "playchess.com"]
[Source "ChessBase"]
[SourceQuality "1"]
[TimeControl "40/5400+30:1800+30"]

1. e4 c5 2. Nc3 Nc6 3. f4 g6 4. Nf3 Bg7 5. Bb5 Nd4 6. O-O a6 7. Bd3 e6 8. Nxd4 cxd4 9. Ne2 f5 10. c3 Qb6 11. Kh1 dxc3 12. dxc3 Nf6 13. exf5 gxf5 14. Ng3 O-O 15. Qe2 Qc6 16. Nh5 Nxh5 17. Qxh5 b5 18. Be2 Bb7 19. Bf3 Qc4 20. Be3 Be4 21. Rfd1 d5 22. Bd4 Rf7 23. Qg5 Kh8 24. Bxg7+ Rxg7 25. Qh5 Rag8 26. g3 Qe2 27. Rf1 Rg4 28. Bxe4 Qxe4+ 29. Kg1 Rxg3+ 30. hxg3 Rxg3+ 31. Kh2 Qg2# 0-1

[Event "Uhlenkoeper-Open 2024"]
[Site "Uelzen"]
[Date "2024.12.27"]
[Round "2.8"]
[White "Weigand, Anton"]
[Black "Burnus, Finn Crispin"]
[Result "1-0"]
[ECO "C77"]
[WhiteElo "2092"]
[BlackElo "1883"]
[Annotator "NA"]
[PlyCount "93"]
[EventDate "2024.12.27"]
[EventType "swiss"]
[EventCountry "GER"]
[SourceTitle "playchess.com"]
[Source "ChessBase"]
[SourceQuality "1"]
[TimeControl "40/5400+30:1800+30"]

1. e4 e5 2. Nf3 Nc6 3. Bb5 a6 4. Ba4 Nf6 5. Nc3 b5 6. Bb3 Be7 7. a4 {[%emt 0:00:34] C77: Ruy Lopez: 3...a6 4 Ba4 Nf6, unusual lines.} b4 8. Nd5 O-O 9. Nxf6+ Bxf6 10. Bd5 Bb7 11. b3 Na5 12. Bxb7 Nxb7 13. Bb2 d6 14. Qe2 Re8 15. O-O-O Nc5 16. Kb1 Ne6 17. d4 exd4 18. Nxd4 Nxd4 19. Bxd4 Bxd4 20. Rxd4 Qg5 21. g3 Qf6 (21... a5 $14) 22. Rhd1 a5 23. f4 g6 24. Qc4 Qe7 25. Qc6 Rab8 $16 (25... Ra7 $142 26. Rc4 Rf8) 26. Rc4 Rec8 27. h4 Rb6 28. Qxb6 cxb6 29. Rxc8+ Kg7 30. Rc4 Qe6 31. Rd3 Qh3 32. Kb2 Qg2 33. Rcd4 h6 34. Rxd6 Qxe4 35. Rxb6 g5 36. fxg5 hxg5 37. hxg5 Qe5+ 38. Kb1 Qxg5 39. Rb5 Qf6 40. Rc5 Qf1+ 41. Ka2 Qf2 42. Rc4 Qe2 43. g4 Qg2 44. Rd7 Kg6 45. Rdc7 f6 46. R7c5 Qa8 47. Rb5 1-0

[Event "Uhlenkoeper-Open 2024"]
[Site "Uelzen"]
[Date "2024.12.27"]
[Round "2.9"]
[White "Buecklers, Martin"]
[Black "Carmesin, Leon Lucas Finn"]
[Result "1-0"]
[ECO "A05"]
[WhiteElo "1859"]
[BlackElo "2081"]
[Annotator "NA"]
[PlyCount "91"]
[EventDate "2024.12.27"]
[EventType "swiss"]
[EventCountry "GER"]
[SourceTitle "playchess.com"]
[Source "ChessBase"]
[SourceQuality "1"]
[TimeControl "40/5400+30:1800+30"]

1. Nf3 Nf6 2. g3 g6 3. Bg2 c6 4. c4 Bg7 5. Nc3 d5 6. cxd5 {[%emt 0:00:18] A05: Réti Opening: 1 Nf3 Nf6.} cxd5 7. Qa4+ Nbd7 8. Ne5 O-O 9. Nxd7 Bxd7 10. Qb3 Bc6 11. d4 Qd7 12. O-O Rac8 13. Rd1 b6 14. a4 Rfd8 15. Bg5 h6 16. Bf4 e6 17. Be5 Ne8 18. Bxg7 Kxg7 19. Qa2 Nd6 20. Rac1 f5 21. e3 Rc7 22. b3 Rdc8 23. Rc2 Bxa4 24. Rdc1 Bb5 25. Bf1 Bxf1 26. Kxf1 a5 27. h4 Qc6 ({Better is} 27... g5 28. Ne2 Rxc2 29. Rxc2 Rxc2 30. Qxc2 Qc8) 28. Qb2 Qb7 29. Qa2 $17 b5 30. Ne2 Qb6 31. Nf4 Kf6 32. Nd3 b4 33. Rxc7 Rxc7 34. Rc5 Nb7 35. Rc2 Nd6 36. Rc5 Nb7 37. Rc2 g5 38. hxg5+ hxg5 39. Rxc7 Qxc7 40. Qe2 g4 41. Nf4 Qc6 42. Kg2 Nd6 43. Qd1 e5 44. dxe5+ Kg5 45. exd6 d4+ 46. Kg1 1-0

[Event "Uhlenkoeper-Open 2024"]
[Site "Uelzen"]
[Date "2024.12.27"]
[Round "2.10"]
[White "Bogomolow, Sergej"]
[Black "Sayas Payyappat"]
[Result "1-0"]
[ECO "B87"]
[WhiteElo "2090"]
[BlackElo "1823"]
[Annotator "NA"]
[PlyCount "71"]
[EventDate "2024.12.27"]
[EventType "swiss"]
[EventCountry "GER"]
[SourceTitle "playchess.com"]
[Source "ChessBase"]
[SourceQuality "1"]
[TimeControl "40/5400+30:1800+30"]

1. e4 c5 2. Nf3 d6 3. d4 cxd4 4. Nxd4 Nf6 5. Nc3 a6 6. Bc4 e6 7. Bb3 b5 8. O-O Nbd7 9. Re1 {[%emt 0:02:52] B87: Sicilian Scheveningen/Najdorf: 6 Bc4, with early ...b5.} Nc5 10. Bd5 exd5 11. exd5+ Kd7 12. b4 Nb7 13. Nc6 Qb6 14. Be3 Qc7 15. Qf3 Nd8 16. Qf5+ Ne6 17. Bd4 Be7 18. Nxe7 Kxe7 19. dxe6 $18 Bxe6 20. Bxf6+ Kd7 21. Nxb5 Qc6 22. Nd4 Bxf5 23. Re7+ Kc8 24. Nxc6 gxf6 25. Rxf7 Bd7 26. Nd4 Rb8 27. c3 f5 28. Nxf5 Bxf5 29. Rxf5 Kd7 30. Re1 Rhc8 31. Rf7+ Kc6 32. Rxh7 Kb5 33. Re3 Ka4 34. h4 Ka3 35. Rh5 Rb5 36. c4+ 1-0

[Event "Uhlenkoeper-Open 2024"]
[Site "Uelzen"]
[Date "2024.12.28"]
[Round "3.1"]
[White "Stelmaszyk, Nico"]
[Black "Weigand, Anton"]
[Result "1/2-1/2"]
[ECO "E11"]
[WhiteElo "2403"]
[BlackElo "2092"]
[Annotator "TA"]
[PlyCount "84"]
[EventDate "2024.12.27"]
[EventType "swiss"]
[EventCountry "GER"]
[SourceTitle "playchess.com"]
[Source "ChessBase"]
[SourceQuality "1"]
[TimeControl "40/5400+30:1800+30"]

1. d4 d5 2. c4 e6 3. Nf3 Nf6 4. g3 Bb4+ 5. Bd2 Bxd2+ 6. Qxd2 O-O 7. Bg2 Nbd7 8. O-O c6 9. Ne5 Nxe5 10. dxe5 Nd7 {[%emt 0:00:25] White has an edge.} 11. f4 f6 12. exf6 Qxf6 13. e4 Nb6 14. e5 (14. exd5 $2 {is the wrong capture.} Nxc4 15. Qc3 exd5 $19 (15... Nxb2 16. dxc6 bxc6 17. Rf3 $11)) 14... Qe7 15. Na3 dxc4 16. Rfd1 Bd7 17. Rac1 Rfd8 ({Much weaker is} 17... Qc5+ 18. Qd4 Qxd4+ 19. Rxd4 $16) 18. Nxc4 Nxc4 19. Rxc4 {[%emt 0:00:08] [#] Rd4 is the strong threat.} Be8 20. Rd4 Qc5 21. Be4 Rd7 {[%emt 0:09:30] Strongly threatening ...Rad8.} 22. Qf2 Rad8 {[%emt 0:00:47] [#]} 23. Rd6 {[%emt 0:00:48] White is much more active.} Rxd6 $11 24. exd6 Qb4 25. Rd4 Qc5 26. b4 Qb6 27. Kg2 c5 28. bxc5 Qxc5 29. Qd2 ({White should try} 29. Bxb7 $14 Rxd6 30. Rxd6 Qxd6 31. Qxa7) 29... Bc6 30. Bxc6 Qxc6+ {[%emt 0:00:02][%mdl 4096] Endgame. KQR-KQR} 31. Kh3 Rd7 32. Qb4 b6 33. Rd2 Qc5 34. Qd4 Qxd4 35. Rxd4 {[%emt 0:00:05] KR-KR} Kf7 36. g4 Ke8 37. Kh4 Rd8 38. Kg5 {[%emt 0:06:42] The position is equal.} Kd7 39. h4 Rc8 40. h5 Rc5+ 41. f5 exf5 42. gxf5 Rc2 {[%emt 0:01:50] Weighted Error Value: White=0.11 (very precise) /Black=0.07 (flawless) .  Mistake:       	White=2     	---        Inaccurate:     	---       	Black=4      OK:         	White=11    	Black=19     Best:        	White=2     	Black=2} 1/2-1/2